Map: Terrazas hostiles

Players

MrFercho

  • Race: Zerg Zerg
  • Spawn Location: 6:00

tigro - Winner!

  • Race: Terran Terran
  • Spawn Location: 12:00

VOD

Have the link to the VOD?

Description

Time

  • Played on: March 29, 2020, 7:36 p.m.
  • Length: 36:13
Show
View Real Time Build Order
Export as new Build Order

MrFercho Zerg 

Build Orders: 1 Base Baneling Bust, Pool First 

Get SALT Encoding   

  12  0:09  Drone x2  
  14  0:18  Overlord  
  14  0:27  Extractor  
  13  0:32  Extractor  
  13  0:34  Drone x2  
  14  0:48  Drone  
  15  1:00  Spawning Pool  
  15  1:02  Drone  
  15  1:19  Drone x2  
  17  1:37  Overlord  
  17  1:48  Zergling x2  
  17  1:49  Zergling x2  
  19  2:02  Drone  
  19  2:07  Queen  
  22  2:27  Evolution Chamber  
  22  2:28  Evolution Chamber  
  20  2:43  Drone  
  21  2:46  Overlord x2  
  21  3:13  Lair, Evolution Chamber  
  21  3:17  Drone x2  
  22  3:50  Drone x2  
  22  3:51  Drone  
  25  3:56  Zerg Melee Weapons Level 1  
  25  3:57  Zerg Ground Armor Level 1, Zerg Missile Weapons Level 1  
  25  4:06  Metabolic Boost  
  23  4:52  Drone x3  
  26  4:53  Drone  
  27  5:05  Roach Warren  
  26  5:12  Baneling Nest  
  25  5:17  Spire  
  25  5:18  Spire  
  23  5:22  Drone x2  
  23  5:27  Drone  
  26  6:05  Drone x2  
  26  6:06  Drone  
  29  6:31  Hatchery, Drone x2  
  29  6:32  Drone x2  
  32  6:49  Extractor  
  32  6:50  Extractor  
  30  7:06  Infestation Pit  
  29  7:14  Hydralisk Den, Infestation Pit  
  29  7:15  Hydralisk Den  
  26  7:26  Drone x3  
  26  7:27  Drone x3  
  32  8:01  Zerg Flyer Armor Level 1, Zerg Flyer Weapons Level 1  
  32  8:06  Hive  
  32  8:12  Burrow  
  32  8:21  Drone x2  
  32  8:22  Drone  
  35  8:31  Drone x2  
  35  8:32  Drone x4  
  41  8:59  Drone x2  
  43  9:17  Lurker Den  
  43  9:21  Lurker Den  
  43  9:22  Queen  
  43  9:26  Neural Parasite  
  43  9:28  Pathogen Glands  
  43  9:42  Drone  
  43  9:43  Drone x2  
  46  9:51  Adrenal Glands  
  46  9:58  Pneumatized Carapace  
  46  10:13  Hatchery  
  45  10:23  Extractor  
  45  10:24  Extractor, Unknown  
  43  10:31  Hatchery  
  43  10:34  Drone x3  
  45  10:39  Extractor  
  45  10:41  Grooved Spines  
  44  10:47  Extractor  
  43  10:58  Overlord  
  43  10:59  Overlord  
  43  11:01  Overlord  
  43  11:16  Greater Spire x2  
  43  11:20  Glial Reconstitution  
  43  11:28  Centrifical Hooks  
  43  11:50  Drone x3  
  43  11:51  Drone x6  
  52  11:59  Drone  
  53  12:39  Tunneling Claws  
  53  13:23  Hydralisk x3  
  53  13:24  Hydralisk x5  
  53  13:25  Hydralisk x3  
  53  13:26  Hydralisk  
  77  13:31  Muscular Augments  
  77  13:33  Zerg Flyer Weapons Level 2, Zerg Flyer Armor Level 2  
  77  13:37  Zerg Missile Weapons Level 2, Zerg Melee Weapons Level 2  
  77  13:38  Zerg Ground Armor Level 2  
  77  13:46  Adaptive Talons  
  77  13:47  Seismic Spines  
  77  14:29  Ultralisk Cavern  
  77  14:30  Drone x5  
  77  14:31  Drone, Ultralisk Cavern  
  81  14:58  Drone x2  
  81  14:59  Drone x5  
  88  15:08  Overlord x4  
  88  15:09  Overlord x3  
  88  16:03  Hatchery  
  87  16:04  Extractor  
  87  16:07  Extractor  
  87  16:10  Drone x3  
  88  16:28  Hatchery  
  88  16:31  Extractor  
  88  16:32  Extractor  
  85  16:37  Drone x3  
  85  16:38  Drone x6  
  85  16:39  Drone x2  
  96  16:49  Lurker  
  96  16:50  Lurker x5  
  96  16:51  Lurker x6  
  108  17:38  Chitinous Plating, Anabolic Synthesis  
  108  17:44  Zerg Flyer Armor Level 3, Zerg Flyer Weapons Level 3  
  108  18:05  Zerg Melee Weapons Level 3  
  108  18:06  Zerg Missile Weapons Level 3, Zerg Ground Armor Level 3  
  108  19:08  Hatchery  
  108  19:10  Hatchery, Drone x4  
  108  19:11  Hatchery x2, Drone x6  
  108  19:12  Hatchery x2, Drone x6  
  108  19:13  Drone x2  
  108  19:15  Hatchery  
  119  19:17  Hatchery  
  118  19:55  Corruptor x3  
  118  19:56  Corruptor x4  
  118  19:58  Ultralisk x3  
  150  20:01  Zergling x4  
  152  20:39  Overlord x4  
  152  20:40  Overlord  
  152  20:41  Overlord  
  152  21:05  Brood Lord x2  
  156  21:33  Queen  
  158  21:49  Zergling x4  
  158  21:50  Zergling x12  
  158  21:51  Zergling x8  
  170  22:05  Zergling x10  
  170  22:06  Zergling x10  
  170  22:07  Zergling x12  
  170  22:08  Zergling x10  
  189  22:09  Zergling x12, Queen  
  189  22:10  Zergling x2  
  200  22:29  Baneling x3  
  200  22:30  Baneling x5  
  200  22:31  Baneling x6  
  200  22:32  Baneling x5  
  200  22:33  Baneling x5  
  200  23:13  Baneling x6  
  200  23:14  Baneling x5  
  200  23:15  Baneling x6  
  200  23:16  Baneling x5  
  200  23:17  Baneling x5  
  200  23:18  Baneling x6  
  200  23:19  Baneling x5  
  200  23:20  Baneling x5  
  200  23:21  Baneling x5  
  200  23:22  Baneling x5  
  200  23:23  Baneling x3  
  200  23:28  Extractor  
  200  23:30  Extractor  
  200  23:31  Hatchery  
  197  23:47  Hatchery  
  196  23:52  Extractor  
  196  23:53  Extractor  
  130  25:29  Corruptor x4  
  130  25:30  Corruptor x5  
  130  25:31  Corruptor x6  
  130  25:32  Corruptor x3  
  164  25:38  Mutalisk x6  
  164  25:39  Mutalisk x6  
  164  25:40  Mutalisk  
  178  26:02  Drone x2  
  178  26:03  Drone  
  181  26:23  Drone x3  
  156  28:13  Zergling x2  
  156  28:14  Zergling x4  
  156  28:15  Zergling x8  
  156  28:16  Zergling x8  
  156  28:17  Zergling x10  
  156  28:18  Zergling x12  
  156  28:19  Zergling x10  
  184  28:20  Zergling x6  
  186  28:59  Zergling x4  
  186  29:00  Zergling x12  
  186  29:01  Zergling x8  
  198  29:15  Baneling x5  
  198  29:16  Baneling x6  
  198  29:17  Baneling x7  
  198  29:18  Baneling x6  
  198  29:19  Baneling x6  
  198  29:20  Baneling x5  
  198  29:21  Baneling x6  
  198  29:22  Baneling x5  
  198  29:23  Baneling x6  
  198  29:24  Baneling x5  
  198  29:25  Baneling x3  
  198  29:40  Baneling x5  
  198  29:41  Baneling x7  
  198  29:42  Baneling x5  
  198  29:43  Baneling x6  
  198  29:44  Baneling  
  154  31:26  Zergling x4  
  154  31:27  Zergling x8  
  154  31:28  Zergling x12  
  154  31:29  Zergling x14  
  154  31:30  Zergling x12  
  154  31:31  Zergling x10  
  180  31:41  Roach x5  
  180  31:42  Roach x5  
  200  32:27  Baneling x5  
  200  32:28  Baneling x6  
  200  32:29  Baneling x4  
  200  32:30  Baneling x7  
  200  32:31  Baneling x7  
  200  32:32  Baneling x5  
  200  32:33  Baneling x7  
  200  32:34  Baneling x5  
  200  32:35  Baneling x6  
  200  32:36  Baneling x6  
  200  32:37  Baneling x2  
  170  33:31  Hydralisk x5  
  170  33:32  Hydralisk x6  
  170  33:33  Hydralisk x4  
  144  35:37  Brood Lord x3  
  144  35:38  Brood Lord x2  
  154  35:50  Zergling x6  
  154  35:51  Zergling x12  
  154  35:52  Zergling x10  
  154  35:53  Zergling x12  
  154  35:54  Zergling x10  
  154  35:55  Zergling x10  
Show
View Real Time Build Order
Export as new Build Order

tigro Terran - Winner!

Build Orders:  

Get SALT Encoding   

  12  0:03  SCV  
  13  0:21  Supply Depot  
  13  0:24  SCV  
  14  0:36  SCV  
  15  0:55  Barracks  
  15  1:06  SCV  
  16  1:14  Refinery  
  16  1:18  SCV  
  17  1:20  Refinery  
  17  1:30  SCV  
  18  1:42  SCV  
  18  1:43  Marine  
  20  1:53  Barracks  
  20  1:54  SCV  
  20  2:00  Marine  
  22  2:02  Supply Depot  
  22  2:18  Marine  
  23  2:36  Marine  
  24  2:44  Engineering Bay  
  24  2:48  Barracks Tech Lab  
  24  2:54  Command Center, Marine, Orbital Command  
  25  3:09  Marauder  
  27  3:13  Barracks Tech Lab  
  27  3:31  Marauder  
  29  3:40  Combat Shield  
  29  3:44  Missile Turret  
  29  4:17  Refinery  
  29  4:23  Planetary Fortress  
  29  4:58  Barracks Tech Lab  
  29  4:59  Concussive Shells  
  29  5:24  Factory  
  29  5:27  Stimpack  
  29  5:30  Marine  
  29  5:34  Marauder  
  32  5:48  Marine  
  33  5:55  Marauder  
  35  6:00  SCV  
  36  6:06  Marine  
  37  6:12  SCV  
  37  6:17  Marauder  
  40  6:23  Marine  
  40  6:24  Supply Depot, SCV  
  42  6:35  Factory Tech Lab  
  42  6:37  SCV  
  42  6:38  Marauder  
  45  6:41  Marine  
  46  6:49  SCV  
  46  6:51  Refinery  
  47  6:56  Siege Tank  
  47  6:57  Factory  
  47  6:58  Infernal Pre-Igniter  
  47  6:59  Marauder  
  52  7:11  Terran Infantry Weapons Level 1  
  52  7:28  SCV  
  53  7:37  Siege Tank  
  53  7:40  SCV  
  57  7:46  Factory Tech Lab  
  57  7:50  Armory  
  57  7:52  SCV  
  58  8:05  SCV  
  59  8:16  Mag-Field Accelerator  
  59  8:17  SCV  
  60  8:45  Terran Vehicle Weapons Level 1  
  60  8:48  Missile Turret  
  60  9:06  Terran Infantry Armor Level 1  
  60  9:07  Siege Tank  
  63  9:13  Supply Depot, SCV  
  64  9:25  SCV  
  64  9:29  Siege Tank  
  68  9:36  Starport  
  68  9:38  Thor  
  74  10:08  Missile Turret  
  74  10:21  Thor  
  74  10:22  Starport  
  80  10:32  Missile Turret  
  80  10:39  Terran Vehicle And Ship Armor Level 1  
  80  11:00  Neosteel Armor  
  80  11:12  Missile Turret  
  80  11:13  Medivac  
  80  11:15  Starport Tech Lab  
  82  11:32  Missile Turret  
  82  11:35  Corvid Reactor  
  82  11:45  Drilling Claws  
  82  11:59  Missile Turret  
  82  12:17  Fusion Core  
  82  12:26  Starport Tech Lab  
  82  12:30  Medivac  
  82  12:33  Terran Ship Weapons Level 1  
  84  12:40  Hi-Sec Auto Tracking  
  84  12:54  Cloaking Field  
  84  12:59  Raven  
  84  13:04  Smart Servos  
  86  13:09  Weapon Refit  
  86  13:12  Missile Turret  
  86  13:28  Siege Tank  
  89  13:36  Terran Infantry Weapons Level 2  
  89  13:38  Missile Turret  
  89  13:42  Banshee  
  92  13:57  Command Center  
  92  14:13  Hyperflight Rotors  
  92  14:16  Supply Depot  
  92  14:27  Terran Vehicle Weapons Level 2  
  92  14:38  Battlecruiser, Siege Tank  
  101  14:49  Rapid Reignition System  
  101  14:56  Supply Depot  
  101  15:10  Siege Tank  
  101  15:11  Planetary Fortress, Refinery  
  104  15:23  Missile Turret  
  110  15:42  Battlecruiser  
  110  15:46  Advanced Ballistics  
  110  15:52  Terran Infantry Armor Level 2  
  110  16:03  Missile Turret  
  110  16:21  Refinery  
  110  16:43  Terran Vehicle And Ship Armor Level 2  
  110  16:59  Battlecruiser  
  116  17:59  SCV  
  116  18:03  Battlecruiser  
  123  18:07  Supply Depot  
  123  18:11  SCV  
  124  18:44  Command Center  
  124  18:46  Missile Turret  
  124  19:00  Missile Turret  
  124  19:11  Battlecruiser  
  130  19:41  Missile Turret  
  130  19:57  Missile Turret  
  130  20:15  Planetary Fortress  
  130  20:16  Battlecruiser  
  136  20:48  Command Center  
  136  21:08  Refinery  
  136  21:13  Battlecruiser  
  142  21:20  Battlecruiser  
  142  21:21  Supply Depot, Refinery  
  148  21:41  Missile Turret  
  148  21:43  Siege Tank  
  151  21:54  Refinery  
  151  22:20  Refinery  
  151  22:29  Missile Turret  
  151  22:47  Terran Infantry Weapons Level 3  
  151  22:50  Terran Vehicle Weapons Level 3  
  151  22:54  Medivac  
  151  22:55  Missile Turret  
  153  23:14  Planetary Fortress  
  153  23:28  Battlecruiser  
  153  23:32  Battlecruiser  
  165  23:37  Missile Turret  
  165  24:12  Thor  
  165  24:14  Thor  
  177  24:33  Factory  
  147  25:19  Command Center  
  147  25:21  Command Center  
  147  25:24  Terran Infantry Armor Level 3  
  147  25:27  Terran Vehicle And Ship Armor Level 3  
  117  25:54  Battlecruiser  
  123  25:59  Marauder  
  125  26:06  Factory Tech Lab  
  125  26:20  SCV  
  125  26:21  Marauder  
  128  26:32  SCV  
  129  26:37  Siege Tank  
  132  26:42  Marauder  
  132  26:44  Planetary Fortress, SCV  
  135  26:56  SCV  
  135  26:58  Battlecruiser  
  142  27:05  Planetary Fortress  
  142  27:09  Supply Depot, Siege Tank  
  142  27:14  Siege Tank, Missile Turret  
  112  27:42  Missile Turret  
  100  27:46  Siege Tank  
  103  27:54  Battlecruiser  
  109  28:02  Battlecruiser  
  109  28:03  Terran Ship Weapons Level 2  
  115  28:18  Siege Tank  
  118  28:58  Battlecruiser  
  124  29:12  SCV  
  125  29:20  Missile Turret  
  125  29:24  SCV  
  126  29:53  Supply Depot  
  126  30:05  Missile Turret  
  101  31:17  Marauder  
  103  31:21  Battlecruiser  
  103  31:22  Battlecruiser  
  85  31:38  Marauder  
  76  31:59  Marauder  
  78  32:07  Missile Turret  
  78  32:13  Refinery  
  78  32:21  Marauder  
  80  32:26  Battlecruiser  
  86  32:32  Missile Turret  
  86  32:42  Marauder  
  88  33:09  Missile Turret  
  80  33:20  Battlecruiser  
  86  33:31  Battlecruiser  
  92  33:35  Marine  
  92  33:38  Marine  
  94  33:53  Marine  
  95  33:56  Marine  
  95  33:59  Command Center  
  96  34:10  Marine  
  96  34:14  Marine  
  98  34:24  Battlecruiser  
  98  34:28  Marine  
  104  34:32  Marine  
  104  34:35  Battlecruiser  
  105  34:46  Marine  
  105  34:50  Marine  
  107  35:05  Command Center  
  66  35:28  Raven  
  55  35:38  Marine  
  60  36:02  Factory Tech Lab  
Tags
 
Add a new tag
Caveats
  • Supply blocks, unpowered buildings, or Contaminate may cause inaccurate times.
  • Supply counts are checked every 10 seconds.